 Dungeon Crawl Stone Soup version 0.31-a0-1074-g0b22e4e0f1 (webtiles) character file.

Game seed: 5505390826150375883

45 Dittersdorf the Trooper (level 3, -2/24 HPs)
             Began as a Gargoyle Fighter on Nov 28, 2023.
             Slain by an iguana (10 damage)
             ... on level 3 of the Dungeon.
             The game lasted 00:01:12 (1165 turns).

Dittersdorf the Trooper (Gargoyle Fighter)          Turns: 1165, Time: 00:01:12

Health: -2/24      AC: 12    Str: 21    XL:     3   Next: 64%
Magic:  3/3        EV:  9    Int:  8    God:
Gold:   121        SH:  4    Dex:  9    Spells: 2/2 levels left

rFire   . . .        a - +0 flail
rCold   . . .        c - +0 buckler
rNeg    + . .        b - +0 scale mail
rPois   ∞            l - +0 helmet
rElec   +            e - +0 cloak
rCorr   .            (no gloves)
SInv    .            (no boots)
Will    .....        (no amulet) Stlth
                     (no ring)
HPRegen 0.24/turn    (no ring)
MPRegen 0.08/turn

%: no passive effects
@: no status effects
A: sickness immunity, AC +3, negative energy resistance 1, electricity
resistance, torment resistance 1, petrification resistance
a: no special abilities


You were on level 3 of the Dungeon.
You visited 1 branch of the dungeon, and saw 3 of its levels.

You collected 121 gold pieces.

Inventory:

Hand Weapons
 a - a +0 flail (weapon)
Missiles
 j - 6 poisoned darts (quivered)
Armour
 b - a +0 scale mail (worn)
 c - a +0 buckler (worn)
 e - a +0 cloak (worn)
 l - a +0 helmet (worn)
Jewellery
 o - a ring of fire
Scrolls
 f - a scroll of brand weapon {unknown}
 g - 3 scrolls of silence {unknown}
 i - a scroll of amnesia {unknown}
 m - 2 scrolls of identify {unknown}
 n - a scroll of enchant armour {unknown}
 p - 2 scrolls of teleportation {unknown}
Potions
 d - a potion of might
 h - a potion of cancellation {unknown}
 k - a potion of enlightenment {unknown}
 q - a potion of mutation {unknown}


   Skills:
 + Level 3.8 Fighting
 + Level 2.5 Maces & Flails
 + Level 3.7 Armour
 + Level 3.7 Shields


You had 2 spell levels left.
You didn't know any spells.
Your spell library was empty.

Dungeon Overview and Level Annotations

Branches:
Dungeon (3/15)

Altars:


Innate Abilities, Weirdness & Mutations

You are immune to sickness and miasma.
Your stone body is resilient. (AC +3)
You are immune to poison.
You resist negative energy. (rN+)
You are resistant to electric shocks. (rElec)
You are resistant to unholy torment.
You are immune to petrification.


Message History

A goblin comes into view. It is wielding a +0 club.
The hobgoblin hits you but does no damage.
The iguana bites you!
The goblin moves out of view.
You closely miss the iguana.
The iguana is severely wounded.
The iguana bites you but does no damage.
You block the hobgoblin's attack.
You hit the iguana but do no damage.
The iguana is severely wounded.
The hobgoblin barely misses you. The iguana barely misses you.
You barely miss the iguana.
The iguana is severely wounded.
The iguana bites you!
A kobold comes into view. It is wielding a +0 whip.
The hobgoblin hits you.
You are too injured to fight recklessly!
You are too injured to fight recklessly!
You are too injured to fight recklessly!
You are too injured to fight recklessly!
You are too injured to fight recklessly!
You are too injured to fight recklessly!
You are too injured to fight recklessly!
You are too injured to fight recklessly!
You are too injured to fight recklessly!
You are too injured to fight recklessly!
You are too injured to fight recklessly!
You are too injured to fight recklessly!
You are too injured to fight recklessly!
You are too injured to fight recklessly!
You are too injured to fight recklessly!
You are too injured to fight recklessly!
You are too injured to fight recklessly!
You are too injured to fight recklessly!
You are too injured to fight recklessly!
The goblin shouts!
The iguana barely misses you.
There is a stone staircase leading up here.
The kobold shouts!
The iguana bites you!
You die...

.... ### ....
####.. .....
..... ...#.
#...#......
###...#......
#.........#
####+#.#@#.####
.......l........
........##.#####
......... .#
.....g#.## #
......#..
....K.### .....
###..


You could see an iguana, a goblin and a kobold.

Vanquished Creatures
  2 adders (D:2)
  A worm (D:2)
  4 ball pythons (D:1)
  3 bats (D:2)
  An endoplasm (D:2)
  2 giant cockroaches
  2 goblins (D:1)
  2 jackals (D:2)
  2 quokkas
  2 frilled lizards
  A kobold (D:2)
  A rat (D:1)
23 creatures vanquished.

Notes
Turn   | Place    | Note
-------+----------+-------------------------------------------
     0 | D:1      | Dittersdorf the Gargoyle Fighter began the quest for the
                  | Orb.
     0 | D:1      | Reached XP level 1. HP: 14/14 MP: 1/1
   168 | D:1      | Reached XP level 2. HP: 19/19 MP: 2/2
   881 | D:2      | Reached XP level 3. HP: 22/24 MP: 3/3
  1165 | D:3      | Slain by an iguana

Illustrated notes

Levels and vault maps discovered:
D:1:      eino_arrival_druids_welcome, layout_loops_ring
D:2:      layout_rooms
D:3:      layout_basic, uniq_jessica, uniq_grinder

Action                     || total
---------------------------++-------
  Melee: Flail             ||    90
 Armour: Scale mail        ||    65
  Dodge: Dodged            ||    38
  Block: Buckler           ||    29

Table legend: (Time is in decaauts)
 A = Elapsed time spent in this place.
 B = Non-inter-level travel time spent in this place.
 C = Inter-level travel time spent in this place.
 D = Time resting spent in this place.
 E = Time spent auto-exploring this place.
 F = Levels seen in this place.
 G = Mean time per level.
                   A        B        C        D        E       F      G
               +--------+--------+--------+--------+--------+-----+--------+
         Total |   1193 |   1134 |     59 |      4 |    902 |   3 |  397.7 |
       Dungeon |   1193 |   1134 |     59 |      4 |    902 |   3 |  397.7 |
               +--------+--------+--------+--------+--------+-----+--------+

Top non-repeatable levels by time:
     D:1: 743 daAuts
     D:2: 439 daAuts
     D:3: 10 daAuts
